 Dungeon Crawl Stone Soup version 0.29.1-2-gbd0b4ee654 (webtiles) character file.

Game seed: 5120876228893241316

6501 DemonSlayer the Thaumaturge (level 10, 0/70 HPs)
             Began as a Demonspawn Fire Elementalist on Nov 17, 2022.
             Was a Priest of Cheibriados.
             Slain by a yak (8 damage)
             ... on level 9 of the Dungeon.
             The game lasted 00:25:55 (13540 turns).

DemonSlayer the Thaumaturge (DsFE)                 Turns: 13540, Time: 00:25:57

Health: 0/70       AC:  4    Str: 21    XL:     10   Next: 69%
Magic:  23/23      EV: 14    Int: 25    God:    Cheibriados [***...]
Gold:   335        SH:  0    Dex: 28    Spells: 2/28 levels left

rFire   . . .      SeeInvis .   u - +1 dagger of Vuusueng {spect, Dex+7}
rCold   . . .      Faith    .   D - orb {*channel}
rNeg    . . .      Spirit   .   e - +1 leather armour
rPois   +          Reflect  +   (helmet unavailable)
rElec   .          Harm     .   (no cloak)
rCorr   .          Rampage  .   (no gloves)
Will    .....                   (no boots)
Stlth   +.........              v - amulet of reflection
HPRegen 0.21/turn               a - ring of poison resistance
MPRegen 0.18/turn               y - ring of wizardry

@: confused, ambrosia-drunk, very slow
A: horns 3, demonic guardian 1
a: Renounce Religion, Bend Time, Temporal Distortion


You were on level 9 of the Dungeon.
You worshipped Cheibriados.
Cheibriados was most pleased with you.
You visited 2 branches of the dungeon, and saw 10 of its levels.
You also visited: Ossuary.

You collected 335 gold pieces.

Inventory:

Hand Weapons
 l - a +6 dagger of venom
 u - the +1 dagger of Vuusueng (weapon) {spect, Dex+7}
   (You found it on level 4 of the Dungeon)

   When its wielder attacks, the weapon's spirit leaps out and strikes again.
   The spirit shares a part of any damage it takes with its wielder.
   Dex:       It affects your dexterity (+7).
 C - the +8 trident of the Octopus King {venom, rElec rPois}
   (You found it on level 6 of the Dungeon)

   It poisons the flesh of those it strikes.
   rElec:     It insulates you from electricity.
   rPois:     It protects you from poison.
Missiles
 t - 2 throwing nets
Armour
 d - +0 steam dragon scales
 e - a +1 leather armour (worn)
 D - an orb of energy (worn)
Jewellery
 a - a ring of poison resistance (left hand)
 v - an amulet of reflection (around neck)
 y - a ring of wizardry (right hand)
 B - a ring of positive energy
Wands
 A - a wand of charming (11)
Scrolls
 b - a scroll of amnesia
 f - 3 scrolls of teleportation
 g - 2 scrolls of poison
 i - 2 scrolls of identify
 j - a scroll of magic mapping
 n - 2 scrolls of butterflies
 r - 6 scrolls of immolation
 F - a scroll of silence
Potions
 c - 2 potions of might
 h - 2 potions of brilliance
 k - 2 potions of attraction
 o - a potion of berserk rage {unknown}
 s - a potion of mutation
 E - a potion of flight {unknown}


   Skills:
 + Level 3.0 Fighting
 + Level 2.3 Short Blades
 + Level 3.9 Armour
 + Level 3.2 Dodging
 + Level 3.7 Stealth
 + Level 1.5 Shields
 + Level 9.6 Spellcasting
 + Level 2.2 Conjurations
 + Level 9.3 Fire Magic


You had 2 spell levels left.
You knew the following spells:

 Your Spells              Type           Power      Damage    Failure   Level
a - Foxfire               Conj/Fire      100%       2x1d9     1%          1
b - Scorch                Fire           100%       2d10      1%          2
c - Conjure Flame         Conj/Fire      40%        6-21      1%          3
d - Flame Wave            Conj/Fire      40%        2d11      2%          4
e - Olgreb's Toxic Radia  Pois           12%        N/A       24%         4
f - Frozen Ramparts       Ice            24%        1d4       8%          3
g - Statue Form           Tmut/Erth      8%         N/A       97%         6
h - Teleport Other        Tloc           12%        N/A       8%          3

Your spell library contained the following spells:

 Spells                   Type           Power      Damage    Failure   Level
 Slow                     Hex            48%        N/A       2%          1
 Sting                    Tmut/Pois      48%        1d5       2%          1
 Poisonous Vapours        Pois/Air       24%        N/A       3%          2
 Inner Flame              Hex/Fire       35%        N/A       1%          3
 Gell's Gravitas          Tloc           12%        N/A       8%          3
 Lesser Beckoning         Tloc           12%        N/A       8%          3
 Ice Form                 Ice/Tmut       12%        N/A       24%         4
 Summon Ice Beast         Ice/Summ       12%        N/A       24%         4
 Lee's Rapid Deconstruct  Erth           6%         3d7*      52%         5
 Borgnjor's Revivificati  Necr           6%         N/A       100%        8
 Discord                  Hex            6%         N/A       100%        8
 Necromutation            Tmut/Necr      6%         N/A       100%        8
 Death's Door             Necr           6%         N/A       100%        9


Dungeon Overview and Level Annotations

Branches:
Dungeon (9/15)             Temple (1/1) D:7            Lair (0/5) D:8
Ossuary (visited)
    Orc: D:9-12

Altars:
Cheibriados
Dithmenos
Hepliaklqana
Makhleb
Nemelex Xobeh
Okawaru
Ru
Trog
Wu Jian
Xom

Shops:
D:1 =


Innate Abilities, Weirdness & Mutations

You have a pair of large horns on your head.
A weak demonic guardian rushes to your aid.


Message History

The yak is no longer more vulnerable to fire.
The yak closely misses you. The yak completely misses you. The yak gores you.
Unknown command.
Flames lash the yak.
The yak is heavily wounded.
The yak's fire resistance burns away.
The yak gores you! You block the yak's attack. The yak misses you.
Unknown command.
Flames lash the yak.
The yak is burned terribly!
You kill the yak!
Cheibriados appreciates the change of pace.
The yak misses you. You block the yak's attack.
Unknown command.
Flames lash the yak.
The yak is heavily wounded.
The yak gores you! x2
* * * LOW HITPOINT WARNING * * *
Unknown command.
You are too injured to fight recklessly!
Unknown command.
You are too injured to fight recklessly!
Unknown command.
You are too injured to fight recklessly!
Unknown command.
You are too injured to fight recklessly!
You are confused.
You feel invigorated. The yak gores you!
* * * LOW HITPOINT WARNING * * *
A demonic guardian appears!
The yak misses you. The yak attacks as you move away!
The yak misses you. x2; The yak gores you.
* * * LOW HITPOINT WARNING * * *
Your iron imp hits the yak.
The yak barely misses you. The yak gores you.
* * * LOW HITPOINT WARNING * * *
You hit the yak.
The yak is heavily wounded.
Your +1 dagger of Vuusueng {spect, Dex+7} hits the yak.
The yak gores you!
* * * LOW HITPOINT WARNING * * *
The yak gores you!
You die...

. #### ... ...# #..####
....# .......
....####...#
.........##
#.........!##
..........#
#..#..5......
..........# #..#YY†#
..........####.#@(##
.........##.....#.###!.
#........##...........#
.............#..##.....
..........####.##
...... ........### #.#
...... .....#...## #.#
...### .#####....# #.#
##.. .##....#....#..#


You could see 2 yaks, a friendly +1 dagger of Vuusueng {spect, Dex+7} (summoned)
and a friendly iron imp (summoned).

Vanquished Creatures
  A moth of wrath (D:5)
  An elephant (D:8)
  2 yaks
  A wraith (D:9)
  A wyvern (D:8)
  A basilisk (D:8)
  4 steam dragons
  Menkaure (D:4)
  2 water moccasins
  A sky beast (D:6)
  2 ice beasts
  An orc warrior (D:8)
  5 black bears
  2 ogres
  3 centaurs
  2 phantoms
  A kobold brigand (D:9)
  2 bullfrogs
  4 necrophages
  3 scorpions
  A gnoll sergeant (D:5)
  5 wights (D:9)
  14 killer bees
  A howler monkey (D:9)
  A crimson imp (D:5)
  A centaur zombie (Ossuary)
  A human zombie (Ossuary)
  An orc priest (D:6)
  2 hounds (D:5)
  A jelly (D:5)
  A gnoll bouda (D:6)
  3 iguanas
  8 orc wizards
  2 mummies (Ossuary)
  Robin (D:4)
  6 adders
  9 gnolls
  A shadow imp (D:5)
  3 white imps
  5 worms
  A dart slug (D:1)
  22 orcs
  5 ball pythons
  9 endoplasms
  4 giant cockroaches
  17 goblins
  11 hobgoblins
  3 jackals (D:1)
  3 quokkas
  7 bats
  A frilled lizard (D:3)
  3 goblin zombies
  7 hobgoblin zombies (Ossuary)
  2 jackal zombies (Ossuary)
  8 kobolds
  11 kobold zombies (Ossuary)
  11 orc zombies (Ossuary)
  11 rats
  3 rat zombies (Ossuary)
246 creatures vanquished.

Vanquished Creatures (collateral kills)
  A wyvern (D:8)
  A bullfrog (D:9)
  3 wights (D:9)
  A howler monkey (D:9)
  2 orcs (D:9)
  A jackal (D:1)
9 creatures vanquished.

Vanquished Creatures (others)
  239 foxfires
239 creatures vanquished.

Grand Total: 494 creatures vanquished

Notes
Turn   | Place    | Note
-------+----------+-------------------------------------------
     0 | D:1      | DemonSlayer the Demonspawn Fire Elementalist began the
                  | quest for the Orb.
     0 | D:1      | Reached XP level 1. HP: 13/13 MP: 3/3
   171 | D:1      | Gained mutation: A weak demonic guardian rushes to your
                  | aid. [demonic ancestry]
   171 | D:1      | Reached XP level 2. HP: 17/19 MP: 1/5
   801 | D:1      | Got the Textbook on Metal and Jinxing
   821 | D:1      | Gained mutation: You have a pair of small horns on your
                  | head. [demonic ancestry]
   821 | D:1      | Reached XP level 3. HP: 24/24 MP: 0/6
  1155 | D:1      | Found Irotig's Jewellery Emporium.
  1168 | D:1      | Found a faded altar of an unknown god.
  1499 | D:1      | Learned a level 2 spell: Scorch
  1503 | D:1      | Learned a level 3 spell: Conjure Flame
  2027 | D:2      | Reached XP level 4. HP: 30/30 MP: 3/8
  4772 | D:4      | Noticed an ogre
  4776 | D:4      | Killed an ogre
  4777 | D:4      | Reached skill level 1 in Armour
  4777 | D:4      | Reached XP level 5. HP: 35/35 MP: 1/10
  5028 | D:4      | Noticed Menkaure
  5030 | D:4      | Killed Menkaure
  5031 | D:4      | Gained mutation: You have a pair of horns on your head.
                  | [demonic ancestry]
  5031 | D:4      | Reached XP level 6. HP: 42/42 MP: 6/12
  5158 | D:4      | Noticed Robin
  5171 | D:4      | Killed Robin
  5326 | D:4      | Reached skill level 1 in Short Blades
  5436 | D:4      | Identified the +1 dagger of Vuusueng {spect, Dex+7}
  5495 | D:4      | Reached XP level 7. HP: 14/47 MP: 2/13
  6450 | D:4      | Learned a level 4 spell: Flame Wave
  6455 | D:4      | Learned a level 4 spell: Olgreb's Toxic Radiance
  6474 | D:5      | Entered Level 5 of the Dungeon
  6480 | D:5      | Reached skill level 1 in Fighting
  6602 | D:5      | Noticed a moth of wrath
  6606 | D:5      | Found a bloodstained altar of Trog.
  7271 | D:5      | Reached skill level 5 in Spellcasting
  7354 | D:5      | Reached skill level 5 in Fire Magic
  7376 | D:5      | Found a burning altar of Makhleb.
  7377 | D:5      | Found a shimmering altar of Xom.
  7864 | D:5      | Killed a moth of wrath
  7865 | D:5      | Reached XP level 8. HP: 54/54 MP: 1/16
  8163 | D:6      | Reached skill level 1 in Shields
  8567 | D:6      | Found the +8 trident of the Octopus King {venom, rElec
                  | rPois}
  8813 | D:6      | Gained mutation: You have a pair of large horns on your
                  | head. [demonic ancestry]
  8813 | D:6      | Reached XP level 9. HP: 49/59 MP: 13/19
  8968 | D:6      | Noticed a two-headed ogre
  9573 | D:6      | Learned a level 3 spell: Frozen Ramparts
  9582 | D:7      | Found a staircase to the Ecumenical Temple.
  9609 | Temple   | Entered the Ecumenical Temple
  9732 | Temple   | Became a worshipper of Cheibriados the Contemplative
  9904 | D:7      | Found an ornate altar of the Wu Jian Council.
 10471 | D:7      | Reached * piety under Cheibriados
 10765 | D:7      | Learned a level 6 spell: Statue Form
 10838 | D:8      | Found a sand-covered staircase.
 10846 | Ossuary  | Entered an ossuary
 11195 | Ossuary  | Reached ** piety under Cheibriados
 11568 | D:8      | Found a staircase to the Lair.
 11568 | D:8      | Noticed an elephant
 11586 | D:8      | Killed an elephant
 11587 | D:8      | Reached XP level 10. HP: 4/67 MP: 0/22
 12506 | D:8      | Found a hazy altar of Hepliaklqana.
 12508 | D:8      | Found an iron altar of Okawaru.
 12777 | D:8      | Learned a level 3 spell: Teleport Other
 12817 | D:9      | Reached *** piety under Cheibriados
 13540 | D:9      | Slain by a yak

Illustrated notes

Levels and vault maps discovered:
D:1:      saegor_arrival_simple_d, layout_rooms, serial_shops, shop_fountains,
          hellmonk_ecumenical_altar_crossroads
D:2:      layout_loops_ring
D:3:      layout_loops_corners, mainiacjoe_overflow_catwalk,
          minmay_misc_feat_roman, guppyfry_early_orc_mine
D:4:      layout_loops_ring, uniq_menkaure, uniq_robin
D:5:      layout_gridville, grunt_temple_overflow_champion_of_chaos, tgw_trog,
          serial_demonic, serial_demonic_d, serial_demonic_e, serial_demonic_g,
          serial_demonic_e
D:6:      layout_loops_cross, minmay_misc_feat_hallway,
          dreamdust_mushroom_princess
D:7:      layout_loops_cross, pdpol_wu_jian_five_deadly_venoms,
          minmay_temple_entry_slanted
D:8:      nicolae_cairo_tiling_very_big, layout_basic,
          chequers_temple_overflow_statue_of_worship, david_lair_generic,
          enter_ossuary_4
D:9:      layout_cave_pools, vehumet_crystals
Temple:   nicolae_temple_superstar

Skill      XL: |  1  2  3  4  5  6  7  8  9 10 |
---------------+-------------------------------+-----
Stealth        | 2 3 |  3.7
Dodging        | 2 3 |  3.2
Fire Magic     | 3 4 5 6 8 9 |  9.3
Spellcasting   | 3 4 5 6 8 9 |  9.6
Armour         | 1 2 3 |  3.9
Conjurations   | 2 |  2.2
Short Blades   | 1 2 |  2.3
Fighting       | 1 2 3 |  3.0
Shields        | 1 |  1.5

Action                   |  1- 3 |  4- 6 |  7- 9 | 10-12 || total
-------------------------+-------+-------+-------+-------++-------
Melee: Unarmed           |     3 |       |       |       ||     3
       Dagger            |    25 |    55 |    86 |    12 ||   178
       Headbutt          |     3 |     5 |    25 |     2 ||    35
 Cast: Foxfire           |    67 |    60 |     1 |    14 ||   142
       Scorch            |     9 |    43 |   162 |    60 ||   274
       Flame Wave        |       |       |     5 |     4 ||     9
  Use: Potion            |     1 |     1 |     7 |     5 ||    14
       Scroll            |       |     5 |    12 |     6 ||    23
 Stab: Sleeping          |       |     3 |     6 |       ||     9
       Distracted        |       |       |     2 |       ||     2
Armor: Leather armour    |    21 |    18 |    26 |    12 ||    77
       Robe              |     2 |       |       |       ||     2
Dodge: Dodged            |    24 |    37 |   109 |    55 ||   225
Block: Other             |       |       |    19 |       ||    19
       Reflection        |       |       |     1 |     1 ||     2
       Orb               |       |       |    28 |    19 ||    47
